Map: Acid Plant LE

Players

DAW - Winner!

  • Race: Protoss Protoss
  • League: Platinum
  • Spawn Location: 11:00

TJjoRis

  • Race: Zerg Zerg
  • League: Platinum
  • Spawn Location: 5:00

VOD

Have the link to the VOD?

Description

Time

  • Played on: May 21, 2018, 7:37 p.m.
  • Length: 10:45
Show
View Real Time Build Order
Export as new Build Order

DAW Protoss - Winner!

Build Orders:  

Get SALT Encoding   

  12  0:01  Probe  
  13  0:14  Probe  
  14  0:26  Probe  
  15  0:29  Pylon  
  15  0:43  Probe  
  16  0:52  Gateway  
  16  0:54  Probe  
  17  1:06  Pylon  
  17  1:07  Probe  
  18  1:12  Assimilator  
  18  1:17  Probe  
  18  1:22  Pylon  
  18  1:25  Probe  
  20  1:44  Pylon  
  20  1:47  Nexus  
  20  1:49  Cybernetics Core  
  20  1:55  Probe  
  21  2:11  Assimilator  
  21  2:19  Probe  
  22  2:29  Pylon  
  22  2:30  Probe, Warp Gate  
  23  2:43  Probe  
  23  2:47  Adept  
  23  2:48  Pylon  
  26  2:53  Probe  
  26  3:33  Probe x2  
  28  3:43  Probe  
  28  3:45  Probe  
  28  3:46  Stargate  
  30  3:50  Pylon  
  30  3:51  Probe  
  31  3:56  Probe  
  31  4:00  Probe  
  32  4:04  Probe  
  32  4:07  Pylon  
  34  4:17  Probe  
  34  4:18  Probe  
  36  4:29  Phoenix  
  38  4:35  Robotics Facility  
  38  4:36  Robotics Facility  
  38  4:40  Pylon  
  38  4:42  Probe x2  
  40  4:54  Probe x2  
  42  5:06  Robotics Facility  
  42  5:10  Gateway x2  
  42  5:12  Gateway  
  42  5:14  Gateway x2  
  42  5:15  Gateway, Probe x2  
  44  5:23  Probe x2  
  44  5:27  Immortal  
  50  5:32  Probe  
  51  5:44  Assimilator  
  51  5:48  Assimilator, Robotics Bay  
  51  5:50  Immortal  
  51  5:52  Pylon  
  55  6:12  Probe  
  56  6:28  Zealot x4  
  56  6:29  Zealot x3  
  56  6:31  Colossus  
  70  6:35  Extended Thermal Lance  
  70  6:39  Colossus  
  82  6:54  Pylon  
  82  6:55  Pylon  
  82  6:57  Pylon  
  82  7:09  Pylon  
  82  7:20  Colossus  
  82  7:28  Sentry  
  82  7:29  Sentry, Warp Prism  
  92  7:34  Sentry  
  92  7:35  Zealot x3  
  92  7:36  Zealot  
  104  7:42  Probe  
  105  7:47  Pylon  
  105  7:48  Pylon  
  105  7:49  Pylon  
  105  7:51  Pylon  
  105  7:53  Sentry x2  
  109  8:00  Pylon  
  109  8:01  Pylon  
  109  8:23  Zealot x2  
  109  8:24  Zealot x4  
  121  8:39  Pylon  
  121  8:45  Stalker  
  121  8:46  Stalker x4  
  99  9:08  Stalker x3  
  99  9:09  Stalker  
  105  9:29  Zealot x3  
  111  9:39  Stalker  
  111  9:40  Stalker x3  
  81  10:02  Stalker x3  
  77  10:14  Zealot  
  77  10:15  Zealot x3  
  85  10:38  Zealot x5  
  85  10:39  Zealot  
Show
View Real Time Build Order
Export as new Build Order

TJjoRis Zerg 

Build Orders: Pool First 

Get SALT Encoding   

  12  0:01  Drone  
  13  0:12  Overlord  
  13  0:18  Drone  
  14  0:30  Drone  
  14  0:31  Drone  
  16  0:35  Drone  
  16  0:40  Extractor  
  16  0:49  Spawning Pool  
  15  0:53  Drone  
  16  0:58  Drone  
  17  1:07  Drone  
  18  1:32  Hatchery  
  17  1:37  Zergling x4  
  19  1:48  Zergling x2  
  19  1:53  Drone  
  20  2:11  Drone, Metabolic Boost  
  20  2:13  Drone  
  22  2:34  Overlord x2  
  22  2:43  Queen  
  24  2:49  Queen  
  26  2:51  Drone  
  26  2:52  Drone  
  26  2:54  Drone  
  26  2:55  Drone  
  30  3:11  Drone  
  30  3:12  Drone  
  30  3:20  Drone x2  
  31  3:33  Hatchery  
  30  3:42  Drone x3  
  30  3:43  Drone  
  34  3:49  Pneumatized Carapace  
  34  3:52  Drone  
  34  3:53  Drone  
  36  3:57  Queen  
  36  3:59  Overlord  
  36  4:00  Drone x2  
  36  4:02  Drone  
  41  4:11  Drone x2  
  41  4:12  Spore Crawler  
  41  4:14  Spore Crawler, Drone  
  41  4:16  Drone  
  43  4:18  Drone  
  43  4:22  Drone  
  43  4:23  Drone  
  43  4:24  Drone  
  47  4:27  Drone  
  47  4:29  Drone  
  49  4:31  Extractor  
  49  4:34  Extractor  
  49  4:35  Drone x2  
  49  4:37  Drone  
  50  4:41  Drone  
  51  4:50  Overlord x3  
  51  5:05  Lair  
  51  5:08  Spore Crawler  
  51  5:09  Evolution Chamber  
  51  5:10  Drone x3  
  51  5:11  Drone x3, Extractor x2  
  53  5:15  Spine Crawler  
  53  5:16  Spine Crawler  
  53  5:17  Drone  
  53  5:19  Drone  
  53  5:22  Drone  
  54  5:32  Baneling Nest  
  53  5:36  Roach Warren  
  53  5:40  Drone  
  53  5:41  Drone, Spine Crawler  
  53  5:46  Zerg Ground Armor Level 1  
  53  6:02  Drone x3  
  56  6:05  Zergling x16  
  56  6:06  Zergling x2  
  65  6:28  Hatchery  
  65  6:31  Glial Reconstitution  
  65  6:32  Roach x2  
  70  6:33  Roach x2  
  70  6:35  Overlord  
  70  6:36  Overlord x2  
  72  6:40  Drone  
  72  6:41  Drone x2, Hydralisk Den, Extractor  
  73  6:55  Overseer  
  73  6:58  Overseer  
  73  7:04  Drone x7  
  73  7:05  Drone x5  
  73  7:08  Roach x2  
  89  7:10  Hydralisk  
  91  7:15  Hydralisk x2  
  91  7:18  Hydralisk  
  97  7:36  Overlord x3  
  97  7:37  Overlord x3  
  97  7:43  Hydralisk  
  97  7:44  Hydralisk x2  
  97  7:48  Centrifical Hooks  
  103  7:54  Overlord x2  
  103  7:57  Zerg Missile Weapons Level 1  
  103  7:59  Muscular Augments  
  103  8:00  Hydralisk  
  103  8:01  Hydralisk x3  
  111  8:08  Queen  
  113  8:23  Hydralisk x4  
  113  8:24  Hydralisk x4  
  129  8:31  Hydralisk x3  
  108  9:07  Roach x7  
  108  9:08  Roach x4, Hydralisk x5  
  108  9:09  Zergling x10  
  124  9:25  Roach x3  
  124  9:26  Roach  
  127  9:38  Hydralisk x5  
  81  10:04  Hydralisk x3  
  81  10:05  Hydralisk x3  
  79  10:12  Roach  
  79  10:13  Roach  
  80  10:14  Zergling x2  
  80  10:20  Overseer  
Tags
 
Add a new tag
Caveats
  • Supply blocks, unpowered buildings, or Contaminate may cause inaccurate times.
  • Supply counts are checked every 10 seconds.